AoeStats
← The punisher 69

QS Arena

503458653Analyzed
4v4 RM · 10d ago on Aug 31, 2026· 52m 36s· 8 players
Game mode
Random Map
Map size
Large (8 player)
Population
200
Speed
Normal
Resources
Standard
Victory
Conquest
Starting age
Dark Age
Ending age
Imperial Age
RankedLock teamsTeams togetherTeam positionsShared explorationLock speedFull tech treeHidden civsTurbo modeCheats
Victory
Defeat
🇫🇷 Aztecs · France
897
+14
🇸🇪 Inca · Sweden
889
+14
🇨🇿 Lithuanians · Czechia
882
+14
🇺🇸 Vikings · United States
827
+17
🇸🇪 Turks · Sweden
1000
-71
🇸🇪 Khmer · Sweden
948
-19
🇸🇪 Persians · Sweden
737
-10
🇸🇪 Chinese · Sweden
709
-9
The punisher 69
2:05 Loom
11:35 Feudal Age
12:01 Double-Bit Axe
16:35 Wheelbarrow
15:45 Town Watch
16:33 Horse Collar
19:56 Castle Age
18:16 Gold Mining
18:22 Stone Mining
19:53 Forging
19:43 Scale Mail Armor
20:18 Arson
20:16 Pikeman
21:05 Heavy Plow
22:27 Bow Saw
22:25 Squires
24:06 Iron Casting
23:46 Chain Mail Armor
24:45 Gold Shaft Mining
26:15 Stone Shaft Mining
31:44 Hand Cart
35:52 Imperial Age
33:44 Eagle Warrior
35:32 Caravan
36:54 Elite Eagle Warrior
38:46 Blast Furnace
38:16 Plate Mail Armor
42:29 Garland Wars
42:30 Conscription
47:03 Capped Ram
48:40 Siege Ram
Wardaddy
6:44 Loom
8:44 Feudal Age
9:25 Champi Runner
10:32 Double-Bit Axe
16:48 Castle Age
15:12 Horse Collar
16:43 Gold Mining
18:05 Bow Saw
18:24 Crossbowman
19:52 Heavy Plow
22:55 Pikeman
24:48 Squires
25:53 Fletching
26:04 Scale Mail Armor
26:45 Wheelbarrow
26:11 Stone Mining
25:59 Champi Warrior
33:03 Bodkin Arrow
33:08 Padded Archer Armor
33:19 Forging
33:24 Chain Mail Armor
36:01 Imperial Age
33:48 Hand Cart
34:20 Elite Skirmisher
35:06 Thumb Ring
37:10 Conscription
36:14 Capped Ram
38:40 Bracer
39:16 Iron Casting
38:52 Fabric Shields
38:44 Halberdier
39:49 Onager
41:08 Siege Engineers
42:31 Leather Archer Armor
43:17 Blast Furnace
43:57 Chemistry
43:30 Plate Mail Armor
52:02 Ballistics
Deadshot
0:26 Loom
8:22 Feudal Age
13:14 Castle Age
11:21 Double-Bit Axe
18:10 Wheelbarrow
17:55 Horse Collar
20:57 Bow Saw
20:49 Heavy Plow
22:27 Gold Mining
27:25 Imperial Age
25:05 Treadmill Crane
25:22 Stone Mining
26:16 Scale Barding Armor
25:45 Pikeman
26:26 Squires
26:39 Forging
26:30 Scale Mail Armor
27:30 Caravan
28:35 Bloodlines
28:25 Husbandry
27:45 Cavalier
30:06 Crop Rotation
31:39 Chain Barding Armor
31:55 Iron Casting
32:10 Paladin
34:04 Hand Cart
33:34 Town Watch
34:52 Chemistry
36:59 Conscription
36:45 Tower Shields
36:09 Light Cavalry
38:28 Halberdier
40:04 Plate Barding Armor
39:44 Chain Mail Armor
39:21 Fletching
39:56 Ballistics
39:47 Masonry
41:35 Winged Hussar
45:18 Two-Man Saw
AlexShukov13
11:59 Feudal Age
12:42 Double-Bit Axe
12:41 Horse Collar
15:47 Castle Age
13:59 Gold Mining
14:21 Fletching
15:18 Stone Mining
15:34 Padded Archer Armor
19:22 Crossbowman
20:55 Bow Saw
20:47 Heavy Plow
21:06 Squires
21:53 Gambesons
22:26 Town Watch
22:52 Loom
23:09 Arson
25:16 Gold Shaft Mining
25:46 Ballistics
25:05 Pikeman
25:44 Bodkin Arrow
26:06 Leather Archer Armor
31:11 Imperial Age
28:59 Forging
28:50 Scale Mail Armor
31:05 Iron Casting
31:26 Chieftains
32:16 Conscription
33:11 Two-Man Saw
33:10 Crop Rotation
33:56 Chemistry
33:35 Bracer
33:44 Arbalester
35:55 Ring Archer Armor
41:32 Blast Furnace
40:47 Chain Mail Armor
40:33 Murder Holes
40:48 Fortified Wall
40:44 Siege Engineers
40:49 Masonry
42:45 Bogsveigar
46:51 Elite Berserk
48:06 Hoardings
49:28 Plate Mail Armor
kvarten
7:58 Feudal Age
9:32 Double-Bit Axe
9:39 Fletching
13:43 Castle Age
13:22 Horse Collar
20:24 Bow Saw
20:24 Loom
20:50 Heavy Plow
24:08 Wheelbarrow
23:27 Gold Mining
24:06 Stone Mining
26:03 Stone Shaft Mining
27:38 Scale Barding Armor
27:45 Forging
33:26 Husbandry
37:30 Pikeman
38:11 Squires
38:52 Iron Casting
38:37 Chain Barding Armor
42:45 Gold Shaft Mining
42:46 Stone Shaft Mining
43:30 Hand Cart
47:07 Imperial Age
48:24 Conscription
51:18 Elite War Elephant
Nevve
9:42 Feudal Age
10:20 Double-Bit Axe
11:46 Horse Collar
19:41 Castle Age
22:07 Wheelbarrow
21:46 Bow Saw
21:41 Heavy Plow
21:34 Gold Mining
21:37 Stone Mining
25:54 Hand Cart
31:33 Padded Archer Armor
31:23 Fletching
31:59 Caravan
32:34 Leather Archer Armor
32:33 Thumb Ring
36:12 Imperial Age
33:40 Bodkin Arrow
34:15 Ballistics
35:27 Fortified Wall
35:12 Loom
35:20 Loom
35:21 Town Watch
37:29 Conscription
38:20 Ring Archer Armor
37:51 Bracer
40:10 Chemistry
SHEPHERD
8:52 Feudal Age
8:20 Loom
10:02 Double-Bit Axe
14:10 Castle Age
15:32 Bow Saw
15:09 Horse Collar
16:40 Gold Mining
24:10 Wheelbarrow
24:14 Stone Mining
26:15 Scale Barding Armor
26:26 Forging
27:54 Hand Cart
28:56 Chain Barding Armor
30:14 Iron Casting
36:40 Imperial Age
35:55 Ballistics
35:44 Padded Archer Armor
35:34 Fletching
36:10 Caravan
36:06 Town Watch
36:50 Bloodlines
38:06 Husbandry
43:05 Elite Janissary
44:03 Leather Archer Armor
46:25 Conscription
macke
7:55 Feudal Age
11:43 Castle Age
10:09 Double-Bit Axe
10:18 Horse Collar
14:43 Heavy Plow
20:37 Wheelbarrow
21:27 Bow Saw
21:21 Stone Mining
21:33 Gold Mining
23:27 Fletching
24:06 Ballistics
24:09 Bloodlines
24:00 Husbandry
24:19 Hand Cart
24:44 Padded Archer Armor
24:46 Loom
27:52 Imperial Age
26:45 Gold Shaft Mining
26:50 Stone Shaft Mining
27:29 Leather Archer Armor
27:10 Bodkin Arrow
27:27 Scale Barding Armor
27:32 Forging
27:27 Tusk Swords
27:39 Town Watch
28:37 Elite Ballista Elephant
31:32 Double Crossbow
32:45 Caravan
33:56 Conscription
33:20 Heavy Scorpion
36:07 Town Patrol
42:58 Ring Archer Armor
42:29 Bracer
42:50 Chain Barding Armor
43:05 Iron Casting
45:31 Elite Battle Elephant
49:14 Murder Holes
49:32 Masonry
49:28 Siege Engineers
Connection lost

Rejoining the realm…

Still unreachable

The connection could not be restored.

Session expired

The server has moved on; the page needs a fresh start.